 Dungeon Crawl Stone Soup version 0.22-a0-609-gfedc9ff (webtiles) character file.

10997 Supahsalami the Arsonist (level 11, -1/92 HPs)
             Began as a Pale Draconian Fire Elementalist on July 10, 2018.
             Slain by Josephine
             ... wielding a +5 dagger of draining
              (5 damage)
             ... on level 12 of the Dungeon.
             The game lasted 01:38:55 (19521 turns).

Supahsalami the Arsonist (DrFE)                    Turns: 19521, Time: 01:38:55

Health: -1/92      AC:  9    Str: 11    XL:     11   Next: 43%
Magic:  10/17      EV: 17    Int: 18    God:
Gold:   342        SH:  0    Dex: 12    Spells: 2/18 levels left

rFire    . . .     SeeInvis .   j - +2 dagger (venom)
rCold    . . .     Gourm    .   (no shield)
rNeg     . . .     Faith    .   (armour unavailable)
rPois    .         Spirit   .   (helmet restricted)
rElec    .         Reflect  .   G - scarf {repulsion}
rCorr    .         Harm     .   B - +0 pair of gloves
MR       .....                  J - +0 pair of boots
Stlth    ++++......             (no amulet)
HPRegen  0.25/turn              q - ring of stealth
MPRegen  0.15/turn              u - +2 ring of evasion

@: lethally poisoned (-1 -> -13), short of breath, very slightly contaminated,
slowed, repel missiles, very slow
A: breathe steam, unfitting armour, cold-blooded, AC +7
a: Breathe Steam


You were on level 12 of the Dungeon.
You were hungry.

You visited 3 branches of the dungeon, and saw 14 of its levels.

You collected 540 gold pieces.
You spent 198 gold pieces at shops.

Inventory:

Hand Weapons
 i - a +3 whip of holy wrath
 j - a +2 dagger of venom (weapon)
 o - a +4 hand axe
 t - a +0 spear
 x - a +2 short sword of draining
 F - a +1 hand axe of electrocution
 I - a +0 whip of electrocution
Missiles
 d - 310 stones
 f - 31 poisoned needles
 P - a steel tomahawk (quivered)
 R - 3 javelins
 S - 5 tomahawks
Armour
 e - a +1 cloak
 B - a +0 pair of gloves (worn)
 G - a scarf of repulsion (worn)
 J - a +0 pair of boots (worn)
Jewellery
 c - an uncursed ring of resist corrosion
 k - an uncursed ring of ice {unknown}
 q - a ring of stealth (left hand)
 u - a +2 ring of evasion (right hand)
 K - an uncursed ring of fire
Wands
 C - a wand of clouds (2)
 H - a wand of iceblast (4)
 L - a wand of scattershot (9)
 N - a wand of polymorph (13)
Scrolls
 g - 3 scrolls of remove curse
 h - 5 scrolls of teleportation
 v - 2 scrolls of enchant armour
 y - 6 scrolls of fog
 A - 2 scrolls of amnesia {unknown}
 D - 3 scrolls of random uselessness {unknown}
 Q - a scroll of vulnerability {unknown}
Potions
 a - a potion of invisibility
 l - a potion of flight
 m - 7 potions of heal wounds
 n - a potion of mutation {unknown}
 p - a potion of might {unknown}
 r - 6 potions of curing
 s - 3 potions of haste
 w - a potion of lignification {unknown}
 z - 4 potions of agility
 E - a potion of berserk rage {unknown}
Miscellaneous
 M - a crystal ball of energy
Comestibles
 b - 17 rations


   Skills:
 + Level 7.1 Fighting
 - Level 0.6 Throwing
 + Level 6.5 Dodging
 - Level 6.0 Stealth
 - Level 4.2 Spellcasting
 * Level 9.8 Conjurations
 * Level 11.1 Fire Magic


You had 2 spell levels left.
You knew the following spells:

 Your Spells              Type           Power        Failure   Level  Hunger
a - Flame Tongue          Conj/Fire      #####        1%          1    None
b - Throw Flame           Conj/Fire      #####.       1%          2    ##.....
c - Conjure Flame         Conj/Fire      #####...     1%          3    ###....
d - Mephitic Cloud        Conj/Pois/Air  ###.....     11%         3    ###....
e - Fireball              Conj/Fire      #####.....   5%          5    ######.
f - Poisonous Vapours     Pois/Air       #.....       22%         2    ##.....

Your spell library contained the following spells:

 Spells                   Type           Power        Failure   Level  Hunger
 Freezing Cloud           Conj/Ice/Air   ###.......   99%         6    #######
 Ring of Flames           Chrm/Fire      ###.......   100%        7    #######
 Venom Bolt               Conj/Pois      ###.......   47%         5    ######.
 Olgreb's Toxic Radiance  Pois           #.......     82%         4    ####...
 Summon Small Mammal      Summ           #...         14%         1    None
 Sticky Flame             Conj/Fire      #####...     1%          4    ####...
 Summon Ice Beast         Ice/Summ       #.......     82%         4    ####...
 Call Imp                 Summ           #.......     22%         2    ##.....
 Sting                    Conj/Pois      ###.         1%          1    None
 Call Canine Familiar     Summ           #.......     41%         3    ###....
 Inner Flame              Hex/Fire       ###.....     4%          3    ###....
 Summon Lightning Spire   Summ/Air       #.......     82%         4    ####...
 Summon Guardian Golem    Hex/Summ       #.......     41%         3    ###....


Dungeon Overview and Level Annotations

Branches:
Dungeon (12/15)            Temple (1/1) D:7            Lair (1/6) D:9
    Orc (0/2) D:10

Altars:
Ashenzari
Cheibriados
Dithmenos
Elyvilon
Fedhas
Gozag
Hepliaklqana
Kikubaaqudgha
Makhleb
Nemelex Xobeh
Okawaru
Qazlal
Ru
Sif Muna
Trog
Uskayaw
Vehumet
Wu Jian
Xom
Yredelemnul
Zin
The Shining One

Shops:
D:4 (   D:5 ((((   D:9 :   D:10 [   D:11 ?   D:12 !

Annotations:
D:3 exclusion: sky beast
D:5 exclusion: oklob plant
D:8 Psyche
D:11 Urug
D:12 Josephine


Innate Abilities, Weirdness & Mutations

You can breathe blasts of scalding, opaque steam.
Your pale cyan-grey scales are hard. (AC +7)
You cannot fit into any form of body armour.
You are cold-blooded and may be slowed by cold attacks.


Message History

The green ugly thing is severely wounded.
The ball of steam hits Josephine.
Josephine is moderately wounded.
You are feeling hungry.
You feel very sick.
Josephine is engulfed in a cloud of scalding steam.
The green ugly thing is engulfed in a cloud of scalding steam.
The green ugly thing barely misses you.
Aiming: Scattershot
Press: ? - help, Shift-Dir - straight line, f - green ugly thing
Aim: a green ugly thing (steam, severely wounded, poisoned)
The burst of metal fragments hits the green ugly thing. x3
You kill the green ugly thing!
You feel very sick.
You feel very sick.
The shadow strikes at you from the darkness!
* * * LOW HITPOINT WARNING * * *
Reactivating autopickup.
Josephine hits you with a dagger of draining.
You die...

*,,,,,,,*,* #..∩..§...##.##....
*,*,***,*,* #.###.###.##.##..#.
*,*,***,*,* #.* #.# #..........
*,*,,,,,,,* #.* #.###.##......#
*,******,** #.* #.....##.#...##
*,* *,* #.* #........##.##* ,,*
*,* #.###.###.#####..., *** *,*
#@§.......# #.### *,* ##@##{#####
*#+#* *,* *#.#W#.# **,,,** *****
*,* *#.###..#*** **,,,,,*
*,,,****,***#.#* ##....#**,,,,,,,
,***,*,,,,,..#,***...#.#*,,,,,,,,
,+,*,+,,,,...,,,*,......+,,,,,,,,
,***,*,,,###,***,....#.#*,,,,,,,,
*,,,***,,* *,* **##>.#.#**,,,,,,,
***** *,,* *,* #..#,# **,,,,,*


You could see Josephine and a shadow.

Vanquished Creatures
  2 two-headed ogres
  An ugly thing (D:12)
  A gargoyle (D:10)
  Joseph (D:8)
  2 centaur skeletons (D:10)
  A komodo dragon (D:9)
  A hornet (D:7)
  A polar bear (D:10)
  A hippogriff (D:10)
  A spriggan (D:10)
  Sigmund (D:5)
  A wraith (D:12)
  7 yaks
  2 hungry ghosts
  A warg (D:9)
  A water moccasin (D:8)
  3 sky beasts
  5 ice beasts
  3 orc warriors
  A black bear (D:7)
  A necrophage (D:7)
  7 ogres
  2 phantoms
  A wolf (D:10)
  3 centaurs
  3 big kobolds
  6 bullfrogs
  3 scorpions
  A water moccasin skeleton (D:4)
  4 wights
  4 electric eels (D:10)
  A howler monkey (D:6)
  2 bullfrog zombies
  A centaur zombie (D:11)
  7 crimson imps
  4 hounds
  9 orc priests
  A jelly (D:12)
  11 worker ants
  12 orc wizards
  2 iguanas
  2 bullfrog simulacra (D:10)
  2 hound zombies
  A hound skeleton (D:11)
  2 worker ant zombies
  10 gnolls (D:4)
  13 adders
  2 shadow imps
  2 ufetubi (D:10)
  An adder skeleton (D:8)
  2 worms
  4 dart slugs
  8 leopard geckos
  36 orcs
  A ball python (D:4)
  4 giant cockroaches
  10 goblins
  4 hobgoblins
  10 jackals
  3 quokkas
  8 bats
  11 frilled lizards
  19 kobolds
  A leopard gecko skeleton (D:7)
  A quokka zombie (D:7)
  12 rats
  A fungus (D:5)
292 creatures vanquished.

Vanquished Creatures (others)
  An orc (D:10)
  6 plants (D:9)
  19 toadstools (D:5)
26 creatures vanquished.

Grand Total: 318 creatures vanquished

Notes
Turn   | Place    | Note
-------+----------+-------------------------------------------
     0 | D:1      | Supahsalami the Draconian Fire Elementalist began the quest for the Orb.
     0 | D:1      | Reached XP level 1. HP: 14/14 MP: 3/3
   460 | D:1      | Reached XP level 2. HP: 20/20 MP: 3/5
   883 | D:2      | Reached XP level 3. HP: 27/27 MP: 6/6
  1663 | D:3      | Reached XP level 4. HP: 34/34 MP: 2/7
  1833 | D:3      | Learned a level 2 spell: Throw Flame
  1837 | D:3      | Learned a level 3 spell: Conjure Flame
  1888 | D:3      | Noticed a sky beast
  1902 | D:3      | Reached skill level 1 in Fighting
  2567 | D:3      | Found a sacrificial altar of Ru.
  2574 | D:3      | Found an ancient bone altar of Kikubaaqudgha.
  2666 | D:3      | Found a faded altar of an unknown god.
  2779 | D:4      | Reached XP level 5. HP: 27/40 MP: 2/8
  3283 | D:4      | Found Caxtomuw's Antique Weapon Shop.
  3298 | D:4      | Reached skill level 4 in Fire Magic
  3532 | D:4      | Noticed an ogre
  3610 | D:4      | Killed an ogre
  3610 | D:4      | Reached XP level 6. HP: 48/48 MP: 1/10
  4618 | D:4      | Your scales start taking on a pale cyan-grey colour.
  4618 | D:4      | Reached skill level 5 in Fire Magic
  4618 | D:4      | Reached XP level 7. HP: 43/56 MP: 2/11
  5055 | D:5      | Entered Level 5 of the Dungeon
  5142 | D:5      | Found Qouloyclipewk's Weapon Shop.
  5151 | D:5      | Found a blossoming altar of Fedhas.
  5173 | D:5      | Noticed an oklob plant
  5203 | D:5      | Noticed Sigmund
  5461 | D:5      | Found Juafeax's Antique Weapon Shop.
  6254 | D:5      | Reached skill level 6 in Fire Magic
  6254 | D:5      | Reached XP level 8. HP: 63/63 MP: 0/13
  6516 | D:5      | Reached skill level 5 in Conjurations
  6632 | D:5      | Killed Sigmund
  7083 | D:6      | Found a glowing golden altar of the Shining One.
  7346 | D:6      | Reached skill level 7 in Fire Magic
  7376 | D:5      | Found Eguimig's Weapon Emporium.
  7380 | D:5      | Found Hiajo's Antique Weapon Emporium.
  8021 | D:7      | Found a staircase to the Ecumenical Temple.
  8031 | Temple   | Entered the Ecumenical Temple
  8318 | D:7      | Reached XP level 9. HP: 65/71 MP: 2/15
  9132 | D:7      | Paralysed by a hornet for 2 turns
  9136 | D:7      | Paralysed by a hornet for 3 turns
  9141 | D:7      | Paralysed by a hornet for 2 turns
  9797 | D:7      | Reached skill level 8 in Fire Magic
 10124 | D:8      | Noticed Psyche
 10130 | D:8      | Learned a level 3 spell: Mephitic Cloud
 10136 | D:8      | Learned a level 5 spell: Fireball
 10139 | D:8      | Learned a level 2 spell: Poisonous Vapours
 10191 | D:8      | Noticed Joseph
 10216 | D:8      | Killed Joseph
 10216 | D:8      | Reached skill level 5 in Stealth
 10454 | D:8      | Reached skill level 5 in Fighting
 10964 | D:8      | Reached skill level 5 in Dodging
 11113 | D:8      | Found a shattered altar of Ashenzari.
 11390 | D:8      | Reached XP level 10. HP: 81/81 MP: 7/16
 11670 | D:8      | Reached skill level 9 in Fire Magic
 11953 | D:9      | Found Ceng's Book Boutique.
 12338 | D:9      | Noticed a two-headed ogre
 12360 | D:9      | Killed a two-headed ogre
 12948 | D:9      | Found a staircase to the Lair.
 12994 | D:9      | Found a shadowy altar of Dithmenos.
 12994 | D:9      | Found a radiant altar of Vehumet.
 13575 | Lair:1   | Entered Level 1 of the Lair of Beasts
 13618 | D:10     | Entered Level 10 of the Dungeon
 13857 | D:10     | Reached skill level 10 in Fire Magic
 15017 | D:10     | Noticed a gargoyle
 15375 | D:10     | Reached XP level 11. HP: 88/91 MP: 1/17
 15848 | D:10     | Found a staircase to the Orcish Mines.
 16482 | D:10     | Found Ufumutin's Antique Armour Emporium.
 18028 | D:11     | Noticed a two-headed ogre
 18060 | D:11     | Killed a two-headed ogre
 18802 | D:11     | Reached skill level 11 in Fire Magic
 18804 | D:11     | Noticed Urug
 18924 | D:11     | Found Milagyab's Magic Scroll Emporium.
 18930 | D:11     | Bought a scroll of teleportation for 36 gold pieces
 18930 | D:11     | Bought a scroll of teleportation for 36 gold pieces
 18930 | D:11     | Bought a scroll of blinking for 90 gold pieces
 18930 | D:11     | Bought a scroll of teleportation for 36 gold pieces
 19485 | D:12     | Noticed a purple ugly thing
 19493 | D:12     | Found Wier's Distillery.
 19504 | D:12     | Noticed Josephine
 19520 | D:12     | Killed a green ugly thing
 19521 | D:12     | HP: 4/92 [something (16)]
 19521 | D:12     | Slain by Josephine

Vault maps used:
D:1:      dpeg_arrival_rooms_with_view
D:3:      amethyst_overflow_temple_binary, chequers_ecumenical_altar_grove
D:4:      minmay_wonky_spiral, serial_shops, shop
D:5:      first_ration, serial_shops, shop, shop, shop, nicolae_shop_trees,
          tgw_fedhas, uniq_sigmund
D:6:      tso_metal_star
D:7:      minmay_temple_entry_grid
D:8:      lemuel_doored_altar, uniq_psyche, uniq_joseph
D:9:      gammafunk_temple_overflow_pools, david_lair_shrubbed, serial_shops,
          shop_fountains
D:10:     erik_orc_4, serial_shops, shop, serial_ice, serial_ice_j,
          serial_ice_f, serial_ice_n, serial_ice_h, the_bakery
D:11:     serial_shops, shop, kennysheep_generic_room_16, uniq_urug
D:12:     serial_shops, shop, lab_entry_generic, kennysheep_just_a_vault,
          uniq_maurice, uniq_josephine
Temple:   minmay_temple_bridge_d
Lair:1:   cheibrodos_lair_reptile_den

Skill      XL: |  1  2  3  4  5  6  7  8  9 10 11 |
---------------+----------------------------------+-----
Dodging        | 2 3 4 5 6 |  6.5
Stealth        | 2 3 4 5 6 |  6.0
Conjurations   | 2 3 4 6 7 9 |  9.8
Fighting       | 1 2 3 4 5 6 7 |  7.1
Fire Magic     | 4 5 6 7 8 10 11 | 11.1
Spellcasting   | 3 4 |  4.2
Throwing       | |  0.6

Action                   |  1- 3 |  4- 6 |  7- 9 | 10-12 || total
-------------------------+-------+-------+-------+-------++-------
Melee: Dagger            |    12 |    55 |    93 |     4 ||   164
       Unarmed           |     2 |       |       |       ||     2
       Tailslap          |     1 |     5 |    15 |    36 ||    57
       Spear             |       |    36 |       |   424 ||   460
       Whip              |       |       |    22 |    29 ||    51
Throw: Stone             |    94 |    31 |    13 |     5 ||   143
       Tomahawk          |       |     2 |    10 |     4 ||    16
 Cast: Flame Tongue      |    62 |     6 |       |     1 ||    69
       Throw Flame       |       |    59 |   220 |   286 ||   565
       Conjure Flame     |       |     3 |     6 |    14 ||    23
       Mephitic Cloud    |       |       |     2 |       ||     2
       Fireball          |       |       |       |     4 ||     4
 Abil: Breathe Steam     |       |       |    24 |    23 ||    47
Evoke: Wand              |       |       |     3 |     3 ||     6
  Use: Scroll            |       |     7 |     4 |     4 ||    15
       Potion            |       |     1 |     1 |       ||     2
 Stab: Sleeping          |     1 |       |     1 |     1 ||     3
  Eat: Chunk             |     3 |    10 |    18 |    24 ||    55
       Ration            |       |     1 |     4 |     4 ||     9
Armor: Skin              |    11 |    18 |    40 |   138 ||   207
Dodge: Dodged            |    23 |    61 |   105 |   338 ||   527
       Deflected         |       |       |       |    11 ||    11

Table legend:
 A = Spawn XP
 B = Non-spawn XP
 C = Spawn XP percentage of total XP
 D = Spawn monster count
 E = Non-spawn monster count
 F = Spawn count percentage of total count
 G = Total turns spent on level
                    A         B        C        D         E        F      G
               +---------+---------+-------+---------+---------+-------+---------
         Total |       0 |   15710 |   0.0 |       0 |     292 |   0.0 | 19521
               +---------+---------+-------+---------+---------+-------+---------
           D:1 |       0 |      40 |   0.0 |       0 |      25 |   0.0 |   879
           D:2 |       0 |      52 |   0.0 |       0 |      25 |   0.0 |   783
           D:3 |       0 |      45 |   0.0 |       0 |      16 |   0.0 |  1563
           D:4 |       0 |     747 |   0.0 |       0 |      38 |   0.0 |  2007
           D:5 |       0 |    1168 |   0.0 |       0 |      24 |   0.0 |  1951
           D:6 |       0 |     501 |   0.0 |       0 |       9 |   0.0 |   820
           D:7 |       0 |    1409 |   0.0 |       0 |      28 |   0.0 |  1553
           D:8 |       0 |    2934 |   0.0 |       0 |      30 |   0.0 |  1940
           D:9 |       0 |    2242 |   0.0 |       0 |      21 |   0.0 |  2752
          D:10 |       0 |    3489 |   0.0 |       0 |      47 |   0.0 |  2382
          D:11 |       0 |    2206 |   0.0 |       0 |      26 |   0.0 |  2265
          D:12 |       0 |     877 |   0.0 |       0 |       3 |   0.0 |   108
               +---------+---------+-------+---------+---------+-------+---------
